 Dungeon Crawl Stone Soup version 0.22-a0-252-gcace5d2 (webtiles) character file.

423 erloom the Fighter (level 6, -1/57 HPs)
             Began as a Gnoll Wanderer on Mar 2, 2018.
             Slain by an ice beast (9 damage)
             ... on level 6 of the Dungeon.
             The game lasted 00:13:03 (4514 turns).

erloom the Fighter (Gnoll Wanderer)                 Turns: 4514, Time: 00:13:04

Health: -1/57      AC: 10    Str: 13    XL:     6   Next: 95%
Magic:  9/9        EV:  6    Int: 14    God:
Gold:   197        SH:  0    Dex: 18    Spells: 9/9 levels left

rFire    . . .     SeeInvis .   a - +2 mace
rCold    . . .     Gourm    .   (no shield)
rNeg     . . .     Faith    .   x - +0 chain mail
rPois    .         Spirit   .   r - +0 helmet
rElec    .         Reflect  .   (no cloak)
rCorr    .         Harm     .   (no gloves)
MR       .....                  (no boots)
Stlth    ..........             (no amulet)
HPRegen  0.19/turn              (no ring)
MPRegen  0.11/turn              (no ring)

@: no status effects
A: distributed training, fangs 1, strong nose
a: no special abilities


You were on level 6 of the Dungeon.
You were not hungry.

You visited 1 branch of the dungeon, and saw 6 of its levels.

You collected 197 gold pieces.

Inventory:

Hand Weapons
 a - a +2 mace (weapon)
 b - a +0 quarterstaff
 o - a +0 hunting sling
 y - a +0 spear of flaming
Missiles
 l - 7 poisoned needles
 m - 145 stones
 n - 2 tomahawks (quivered)
 s - 2 javelins
Armour
 d - a +0 robe
 r - a +0 helmet (worn)
 w - a +0 leather armour
 x - a +0 chain mail (worn)
Jewellery
 q - an uncursed ring of fire
Scrolls
 c - 4 scrolls of teleportation
 e - 4 scrolls of remove curse {unknown}
 g - a scroll of fear {unknown}
 h - 5 scrolls of identify {unknown}
 i - 2 scrolls of enchant armour {unknown}
 k - 2 scrolls of enchant weapon {unknown}
 t - a scroll of amnesia {unknown}
 v - a scroll of blinking {unknown}
Potions
 j - 3 potions of curing
 p - 2 potions of lignification {unknown}
 u - a potion of flight {unknown}
Comestibles
 f - 8 rations


   Skills:
 + Level 8.8 Fighting
 + Level 2.1 Short Blades
 + Level 2.1 Long Blades
 + Level 2.1 Axes
 + Level 3.3 Maces & Flails
 + Level 2.1 Polearms
 + Level 5.0 Staves
 + Level 2.1 Slings
 + Level 2.1 Bows
 + Level 2.1 Crossbows
 + Level 2.1 Throwing
 + Level 3.3 Armour
 + Level 2.1 Dodging
 + Level 3.2 Stealth
 + Level 2.1 Shields
 + Level 2.1 Unarmed Combat
 + Level 2.1 Spellcasting
 + Level 1.7 Conjurations
 + Level 1.7 Hexes
 + Level 1.7 Charms
 + Level 1.7 Summonings
 + Level 1.7 Necromancy
 + Level 1.7 Translocations
 + Level 1.7 Transmutations
 + Level 1.7 Fire Magic
 + Level 1.7 Ice Magic
 + Level 1.7 Air Magic
 + Level 1.7 Earth Magic
 + Level 1.7 Poison Magic
 + Level 2.3 Invocations
 + Level 3.3 Evocations


You had 9 spell levels left.
You didn't know any spells.

Dungeon Overview and Level Annotations

Branches:
Dungeon (6/15)
 Temple: D:4-7

Altars:
Dithmenos
Elyvilon
Makhleb


Innate Abilities, Weirdness & Mutations

Your experience applies equally to all skills.
You have very sharp teeth.
Your uncanny sense of smell can sniff out nearby items.


Message History

Okay, then.
You hit the ice beast but do no damage.
The ice beast hits you but does no damage.
You closely miss the ice beast.
You bite the ice beast, but do no damage.
The ice beast barely misses you.
You barely miss the ice beast.
The ice beast hits you but does no damage.
You hit the ice beast but do no damage.
The ice beast hits you but does no damage.
The ice beast barely misses you.
You hit the ice beast.
The ice beast is lightly wounded.
The ice beast hits you but does no damage.
You hit the ice beast.
The ice beast is moderately wounded.
The ice beast hits you.
* * * LOW HITPOINT WARNING * * *
The ice beast freezes you!
You die...

#># ..... ...>.#
..........
....###....#... ##
#....##...##.. #.#
#.......##..# #.#
#..........##
#.##....##.....##
#.#..#..##.....###
#......@Yo.?....#
#.####.####........
##.##.....##........
###..#.......#........
#....#.......#.#.....?
#.#......_.....##.....
...# ####.#.......#.#
....# ....
#.#.......#.#
....##....
##>.##.....## ......


You could see an ice beast and an orc.

Vanquished Creatures
  An ice beast (D:6)
  A hound (D:4)
  2 orc wizards
  2 iguanas
  3 gnolls (D:1)
  4 adders
  A worm (D:3)
  A dart slug (D:2)
  2 leopard geckos
  13 orcs
  11 bats
  5 giant cockroaches
  11 goblins
  9 hobgoblins
  14 jackals
  2 quokkas
  2 ball pythons
  6 frilled lizards
  8 kobolds
  8 rats
106 creatures vanquished.

Notes
Turn   | Place    | Note
-------+----------+-------------------------------------------
     0 | D:1      | erloom the Gnoll Wanderer began the quest for the Orb.
     0 | D:1      | erloom set off with: a +2 mace, a +0 quarterstaff, a scroll of teleportation, a +0 robe, a ration
     0 | D:1      | Reached XP level 1. HP: 26/26 MP: 2/2
    44 | D:1      | Reached XP level 2. HP: 6/33 MP: 3/3
   618 | D:1      | Reached XP level 3. HP: 25/38 MP: 4/4
  1159 | D:2      | Reached skill level 1 in Invocations
  1317 | D:2      | Reached skill level 1 in Short Blades
  1317 | D:2      | Reached skill level 1 in Long Blades
  1317 | D:2      | Reached skill level 1 in Axes
  1317 | D:2      | Reached skill level 1 in Polearms
  1317 | D:2      | Reached skill level 1 in Slings
  1317 | D:2      | Reached skill level 1 in Bows
  1317 | D:2      | Reached skill level 1 in Crossbows
  1317 | D:2      | Reached skill level 1 in Throwing
  1317 | D:2      | Reached skill level 1 in Dodging
  1317 | D:2      | Reached skill level 1 in Shields
  1317 | D:2      | Reached skill level 1 in Unarmed Combat
  1317 | D:2      | Reached skill level 1 in Spellcasting
  1402 | D:2      | Reached XP level 4. HP: 43/45 MP: 6/6
  1792 | D:2      | Reached skill level 1 in Conjurations
  1792 | D:2      | Reached skill level 1 in Hexes
  1792 | D:2      | Reached skill level 1 in Charms
  1792 | D:2      | Reached skill level 1 in Summonings
  1792 | D:2      | Reached skill level 1 in Necromancy
  1792 | D:2      | Reached skill level 1 in Translocations
  1792 | D:2      | Reached skill level 1 in Transmutations
  1792 | D:2      | Reached skill level 1 in Fire Magic
  1792 | D:2      | Reached skill level 1 in Ice Magic
  1792 | D:2      | Reached skill level 1 in Air Magic
  1792 | D:2      | Reached skill level 1 in Earth Magic
  1792 | D:2      | Reached skill level 1 in Poison Magic
  2187 | D:1      | Reached XP level 5. HP: 32/51 MP: 7/7
  3505 | D:3      | Found a burning altar of Makhleb.
  3594 | D:3      | Reached XP level 6. HP: 55/57 MP: 8/8
  4150 | D:4      | Reached skill level 5 in Staves
  4348 | D:4      | Found a white marble altar of Elyvilon.
  4412 | D:5      | Entered Level 5 of the Dungeon
  4455 | D:6      | Found a shadowy altar of Dithmenos.
  4478 | D:6      | Noticed an ice beast
  4490 | D:6      | Killed an ice beast
  4498 | D:6      | Noticed an ice beast
  4507 | D:6      | HP: 1/57 [ice beast (11)]
  4514 | D:6      | Slain by an ice beast

Vault maps used:
D:1:      dpeg_arrival_houses_and_road, serial_bayou_pond_c
D:2:      kennysheep_decorative_pillar, minmay_tall_x
D:3:      lemuel_crystal_altar, minmay_misc_feat_enclosed
D:4:      kennysheep_little_box, old_standard_altar, first_ration
D:5:      kennysheep_mini_moat, serial_shops, shop, minmay_misc_feat_tower,
          uniq_ijyb
D:6:      cheibrodos_ashenzari_chains, old_standard_altar,
          minmay_temple_entry_nine_rooms, cheibrodos_sewer_entry_drain,
          nicolae_tso_besieged_by_evil

Skill      XL: |  1  2  3  4  5  6 |
---------------+-------------------+-----
Invocations    | 1 2 |  2.3
Short Blades   | 1 2 |  2.1
Long Blades    | 1 2 |  2.1
Axes           | 1 2 |  2.1
Polearms       | 1 2 |  2.1
Slings         | 1 2 |  2.1
Bows           | 1 2 |  2.1
Crossbows      | 1 2 |  2.1
Throwing       | 1 2 |  2.1
Dodging        | 1 2 |  2.1
Shields        | 1 2 |  2.1
Unarmed Combat | 1 2 |  2.1
Spellcasting   | 1 2 |  2.1
Conjurations   | 1 |  1.7
Hexes          | 1 |  1.7
Charms         | 1 |  1.7
Summonings     | 1 |  1.7
Necromancy     | 1 |  1.7
Translocations | 1 |  1.7
Transmutations | 1 |  1.7
Fire Magic     | 1 |  1.7
Ice Magic      | 1 |  1.7
Air Magic      | 1 |  1.7
Earth Magic    | 1 |  1.7
Poison Magic   | 1 |  1.7
Maces & Flails | 3 |  3.3
Armour         | 3 |  3.3
Evocations     | 3 |  3.3
Stealth        | 3 |  3.2
Staves         | 5 |  5.0
Fighting       | |  8.8

Action                   |  1- 3 |  4- 6 || total
-------------------------+-------+-------++-------
Melee: Mace              |    81 |   210 ||   291
       Bite              |     8 |    28 ||    36
Throw: Tomahawk          |     4 |    12 ||    16
       Stone             |     2 |       ||     2
  Use: Potion            |       |     1 ||     1
 Stab: Sleeping          |     2 |     8 ||    10
       Distracted        |     2 |       ||     2
  Eat: Chunk             |     2 |    10 ||    12
Armor: Robe              |    19 |    27 ||    46
       Leather armour    |       |     8 ||     8
       Chain mail        |       |    15 ||    15
Dodge: Dodged            |    54 |   161 ||   215

Table legend:
 A = Spawn XP
 B = Non-spawn XP
 C = Spawn XP percentage of total XP
 D = Spawn monster count
 E = Non-spawn monster count
 F = Spawn count percentage of total count
 G = Total turns spent on level
                    A         B        C        D         E        F      G
               +---------+---------+-------+---------+---------+-------+---------
         Total |       0 |     605 |   0.0 |       0 |     106 |   0.0 |  4514
               +---------+---------+-------+---------+---------+-------+---------
           D:1 |       0 |      93 |   0.0 |       0 |      32 |   0.0 |  1525
           D:2 |       0 |      93 |   0.0 |       0 |      27 |   0.0 |  1004
           D:3 |       0 |     137 |   0.0 |       0 |      37 |   0.0 |  1376
           D:4 |       0 |     131 |   0.0 |       0 |       6 |   0.0 |   507
           D:6 |       0 |     151 |   0.0 |       0 |       4 |   0.0 |    83
               +---------+---------+-------+---------+---------+-------+---------
